 Dungeon Crawl Stone Soup version 0.28.0-45-g0d030f2227 (webtiles) character file.

Game seed: 10062671829236310065

19 protoss039 the Ducker (level 2, 0/16 HPs)
             Began as a Tengu Earth Elementalist on May 15, 2022.
             Succumbed to an adder's poison
             ... on level 2 of the Dungeon.
             The game lasted 00:01:45 (1068 turns).

protoss039 the Ducker (Tengu Earth Elementalist)    Turns: 1068, Time: 00:01:46

Health: 0/16       AC:  2    Str:  8    XL:     2   Next: 75%
Magic:  3/6        EV: 12    Int: 15    God:
Gold:   29         SH:  0    Dex: 14    Spells: 4/5 levels left

rFire   . . .      SeeInvis .   i - +1 dagger (drain)
rCold   . . .      Faith    .   (no shield)
rNeg    . . .      Spirit   .   b - +0 robe
rPois   .          Reflect  .   (helmet restricted)
rElec   .          Harm     .   (no cloak)
rCorr   .          Rampage  .   (no gloves)
Will    .....                   (boots unavailable)
Stlth   ++........              (no amulet)
HPRegen 0.05/turn               (no ring)
MPRegen 0.10/turn               (no ring)

@: lethally poisoned (0 -> -7)
A: beak, talons 3
a: no special abilities


You were on level 2 of the Dungeon.
You visited 1 branch of the dungeon, and saw 2 of its levels.

You collected 29 gold pieces.

Inventory:

Hand Weapons
 i - a +1 dagger of draining (weapon)
Missiles
 c - 130 stones
Armour
 b - a +0 robe (worn)
Jewellery
 f - an amulet of faith
Scrolls
 a - a scroll of silence {unknown}
 d - a scroll of vulnerability {unknown}
 g - a scroll of identify {unknown}
Potions
 e - a potion of might {unknown}


   Skills:
 * Level 0.6 Fighting
 * Level 2.5 Dodging
 * Level 2.3 Stealth
 + Level 2.1 Spellcasting
 - Level 1.0 Transmutations
 + Level 2.3 Earth Magic


You had 4 spell levels left.
You knew the following spells:

 Your Spells              Type           Power      Damage    Failure   Level
a - Sandblast             Erth           16%        2d6       9%          1

Your spell library contained the following spells:

 Spells                   Type           Power      Damage    Failure   Level
 Passwall                 Tmut/Erth      5%         N/A       17%         2
 Stone Arrow              Conj/Erth      10%        3d7       38%         3
 Ozocubu's Armour         Ice            1%         N/A       54%         3
 Petrify                  Tmut/Erth      6%         N/A       73%         4
 Metabolic Englaciation   Hex/Ice        0%         N/A       99%         5
 Simulacrum               Ice/Necr       0%         N/A       100%        6


Dungeon Overview and Level Annotations

Branches:
Dungeon (1/15)

Altars:


Innate Abilities, Weirdness & Mutations

You have a beak for a mouth.
You have claws for feet.


Message History

You see here a quokka corpse.
Unknown command.
Found 6 gold pieces and a scroll labelled WIEGUL RE UGG.
The adder hisses angrily.
You hear an angry hiss.
Unknown command.
You hit the adder.
The adder is moderately wounded.
The adder bites you.
A ball python comes into view.
The adder bites you.
Unknown command.
Unknown command.
Unknown command.
Casting: Sandblast (safe; 9% risk of failure)
Confirm with . or Enter, or press ? or * to list all spells.
Aiming: Sandblast (safe; 9% risk of failure)
Press: ? - help, Shift-Dir - straight line, f - adder
Aim: an adder (moderately wounded, 63% to hit)
The blast of sand misses the adder.
The blast of sand hits the ball python!
You kill the ball python!
The adder bites you.
* * * LOW HITPOINT WARNING * * *
Unknown command.
Casting: Sandblast (safe; 9% risk of failure)
Confirm with . or Enter, or press ? or * to list all spells.
Aiming: Sandblast (safe; 9% risk of failure)
Press: ? - help, Shift-Dir - straight line, f/p - adder
Aim: an adder (moderately wounded, 63% to hit)
The blast of sand misses the adder.
The adder bites you.
* * * LOW HITPOINT WARNING * * *
You are lethally poisoned!
The adder poisons you!
Casting: Sandblast (safe; 9% risk of failure)
Confirm with . or Enter, or press ? or * to list all spells.
Aiming: Sandblast (safe; 9% risk of failure)
Press: ? - help, Shift-Dir - straight line, f/p - adder
Aim: an adder (moderately wounded, 63% to hit)
The blast of sand hits the adder.
The adder is severely wounded.
You die...

##....#.#########
#.....
#.....#.####
#.....
#.###.......
######
###.#(#....#.# #
+...##.##..#.##.##
#
#.....#.#.........
..
###...##.##.....##
##
#.#...#†#....?..
...##..##@#
#...###...#Sw$# #
+...+.....#.†$# .
#...##....#..[#
#...##..##.####
+... ...# ...


You could see an adder and a dart slug.

Vanquished Creatures
  3 ball pythons
  A bat (D:1)
  2 giant cockroaches (D:1)
  3 goblins
  A hobgoblin (D:2)
  2 jackals (D:2)
  A quokka (D:2)
  A frilled lizard (D:1)
  3 rats
17 creatures vanquished.

Notes
Turn   | Place    | Note
-------+----------+-------------------------------------------
     0 | D:1      | protoss039 the Tengu Earth Elementalist began the quest for
                  | the Orb.
     0 | D:1      | Reached XP level 1. HP: 10/10 MP: 4/4
   538 | D:1      | Reached skill level 1 in Transmutations
   538 | D:1      | Reached XP level 2. HP: 13/15 MP: 6/6
   614 | D:1      | You fall into a shaft and drop 1 floor!
   714 | D:2      | Found a faded altar of an unknown god.
  1068 | D:2      | Succumbed to an adder's poison

Illustrated notes

Levels and vault maps discovered:
D:1:      nicolae_arrival_memento_mori, layout_basic
D:2:      layout_basic, shapermc_ecumenical_altar_starsandcircs, minmay_vboxes

Skill      XL: |  1 |
---------------+----+-----
Transmutations | 1 |  1.0
Fighting       | |  0.6
Dodging        | |  2.5
Stealth        | |  2.3
Spellcasting   | |  2.1
Earth Magic    | |  2.3

Action                   || total
-------------------------++-------
Melee: Unarmed           ||    22
       Kick              ||     7
       Peck              ||     4
       Dagger            ||     5
 Cast: Sandblast         ||    13
 Stab: Sleeping          ||     3
Armor: Robe              ||     4
Dodge: Dodged            ||    15
